 Dungeon Crawl Stone Soup version 0.18-a0-1720-g8df8b1a (webtiles) character file.

681154 MenacingMecha the Hoplite (level 27, -2/291 HPs)
             Began as a Demonspawn Gladiator on Apr 8, 2016.
             Was the Champion of Ashenzari.
             Splashed by an acid blob's acid (3 damage)
             ... created by the Royal Jelly
             ... on level 6 of the Pits of Slime on Apr 9, 2016.
             The game lasted 12:51:34 (97044 turns).

MenacingMecha the Hoplite (Demonspawn Gladiator)   Turns: 97044, Time: 12:51:35

Health: -2/291     AC: 14    Str: 16    XL:     27
Magic:  38/38      EV: 20    Int: 17    God:    Ashenzari [******]
Gold:   3099       SH: 24    Dex: 25    Spells: 10 memorised, 18 levels left

rFire  + + .     SeeInvis +     b - +7 eveningstar (freeze) (curse)
rCold  + + .     Gourm    .     L - +8 ice dragon armour (curse)
rNeg   . . .     Faith    .     E - +2 shield (curse)
rPois  .         Spirit   .     u - +2 helmet {SInv} (curse)
rElec  +         Dismiss  .     W - +2 cloak {MR+} (curse)
rCorr  +         Reflect  +     M - +1 pair of gloves {Dex+3} (curse)
SustAt .         Harm     .     (boots unavailable)
MR     +++..     Clarity  +     v - +4 amulet of reflection (curse)
Stlth  ++++++....               s - ring of Tudaeffo {rElec rF+ Str+3 Slay+3} (curse)
                                x - ring of Laoreal {rCorr +Fly rElec rF++ Str+2}

@: corroded, very slightly contaminated, hasted, very quick, extremely resistant
to hostile enchantments, very stealthy
A: talons 3, iridescent scales 3, berserk 1, clever 1, foul stench 2,
nightstalker 3, robust 3, weak 2, rot immunity, MP-powered wands
a: Curse Item, Scrying, Transfer Knowledge, Renounce Religion, Evoke Flight
}: 4/15 runes: barnacled, silver, abyssal, gossamer


You were on level 6 of the Pits of Slime.
You worshipped Ashenzari.
Ashenzari was exalted by your worship.
You were not hungry.

You visited 12 branches of the dungeon, and saw 58 of its levels.
You visited the Abyss 1 time.
You visited 1 bazaar.
You also visited: Trove and Sewer.

You collected 6666 gold pieces.
You spent 3567 gold pieces at shops.

Inventory:

Hand Weapons
 b - a cursed +7 eveningstar of freezing (weapon)
Armour
 u - a cursed +2 helmet of see invisible (worn)
 E - a cursed +2 shield (worn)
 L - a cursed +8 ice dragon armour (worn)
 M - a cursed +1 pair of gloves of dexterity (worn)
 W - a cursed +2 cloak of magic resistance (worn)
Jewellery
 s - the cursed ring of Tudaeffo (right hand) {rElec rF+ Str+3 Slay+3}
   (You bought it in a shop on level 7 of the Dungeon)

   [ring of protection from fire]

   It affects your strength (+3).
   It affects your accuracy and damage with ranged weapons and melee attacks
   (+3).
   It protects you from fire.
   It insulates you from electricity.
   It has a curse placed upon it.
 v - a cursed +4 amulet of reflection (around neck)
 x - the ring of Laoreal (left hand) {rCorr +Fly rElec rF++ Str+2}
   (You took it off a siren on level 4 of the Shoals)

   [ring of resist corrosion]

   It affects your strength (+2).
   It greatly protects you from fire.
   It insulates you from electricity.
   It lets you fly.
 y - an uncursed ring of poison resistance
 G - the ring "Dedaam" {Fire rN+++ Dex-2 Slay-3 SInv}
   (You found it on level 4 of the Lair of Beasts)

   [ring of fire]

   It enhances your fire magic, and weakens your ice magic.
   It affects your dexterity (-2).
   It affects your accuracy and damage with ranged weapons and melee attacks
   (-3).
   It protects you from fire.
   It makes you vulnerable to cold.
   It renders you almost immune to negative energy.
   It lets you see invisible.
Wands
 h - a wand of iceblast (1/15)
 l - a wand of digging (4/24)
 m - a wand of acid (4/15)
 o - a wand of heal wounds (3/9)
 q - a wand of hasting (3/9)
 w - a wand of teleportation (4/9)
 X - a wand of lightning (6/15)
Scrolls
 i - 5 scrolls of blinking
 j - 10 scrolls of teleportation
 k - 5 scrolls of recharging
 C - 9 scrolls of magic mapping
 I - 5 scrolls of fog
 O - 9 scrolls of fear
 Q - 4 scrolls of remove curse
 V - 15 scrolls of identify
Potions
 g - 2 potions of resistance
 n - 4 potions of magic
 t - 5 potions of cancellation
 z - 9 potions of agility
 B - 7 potions of curing
 D - 6 potions of haste
 F - 4 potions of heal wounds
 H - 6 potions of might
 P - 7 potions of invisibility
Miscellaneous
 p - an ornate deck of wonders {the Alchemist}
 J - a phial of floods
 R - a lamp of fire (inert)
 S - a fan of gales
 T - a sack of spiders {used: 1}
 U - a lamp of fire (inert)
Comestibles
 f - 15 bread rations


   Skills:
 + Level 20.1 Fighting
 - Level 12.4(16.6) Maces & Flails
 - Level 10.4 Throwing
 - Level 13.0(17.1) Armour
 - Level 13.4(17.5) Dodging
 - Level 8.1 Stealth
 - Level 22.9(25.0) Shields
 - Level 11.5 Spellcasting
 - Level 8.1(11.1) Charms
 - Level 1.2(3.1) Summonings
 - Level 14.7(17.3) Necromancy
 - Level 3.0(5.6) Translocations
 - Level 3.1(5.7) Transmutations
 - Level 11.9(14.6) Ice Magic
 - Level 8.1(11.1) Air Magic
 - Level 3.3(6.0) Earth Magic
 + Level 16.4(18.9) Evocations


You had 18 spell levels left.
You knew the following spells:

 Your Spells              Type           Power        Failure   Level  Hunger
a - Swiftness             Chrm/Air       #####...     1%          2    None
b - Repel Missiles        Chrm/Air       #####.       1%          2    None
c - Passwall              Trmt/Erth      ####......   2%          2    None
d - Regeneration          Chrm/Necr      ######....   1%          3    None
e - Animate Dead          Necr           N/A          1%          4    ##.....
f - Control Undead        Necr           ######....   1%          4    ##.....
g - Simulacrum            Ice/Necr       ######....   6%          6    ######.
h - Dispel Undead         Necr           ######..     1%          5    #####..
i - Blink                 Tloc           N/A          2%          2    None
j - Summon Butterflies    Summ           ###.....     6%          1    None


Dungeon Overview and Level Annotations

Branches:
Dungeon (15/15)            Temple (0/1) D:7            Lair (8/8) D:10
 Shoals (4/4) Lair:3       Spider (4/4) Lair:5        Slime (6/6) Lair:7
    Orc (2/2) D:10            Elf (2/3) Orc:2        Vaults (5/5) D:13
  Crypt (2/3) Vaults:3     Depths (5/5) D:15           Hell (1/1)
    Dis (0/7) Hell            Geh (0/7) Hell            Coc (0/7) Hell
    Tar (0/7) Hell            Zot (4/5) Depths:5

Altars:
Ashenzari
Cheibriados
Dithmenos
Elyvilon
Fedhas
Gozag
Kikubaaqudgha
Nemelex Xobeh
Pakellas
Qazlal
Sif Muna
Vehumet
Xom
Yredelemnul
Zin
Beogh
Jiyva

Shops:
D:2 *   D:4 *[   D:5 [(!?*   D:7 =   D:8 (   D:13 %   D:14 (   Orc:2 :[?%
Elf:1 %[   Vaults:3 [   Vaults:4 (   Vaults:5 (   Depths:4 ?!![?

Portals:
Hell: Depths:1 Depths:2 Depths:3 Depths:4 Depths:5
Abyss: Depths:4
Pandemonium: Orc:2 Depths:3 Depths:4 Depths:5
Ziggurat: Depths:3

Annotations:
Lair:2 stash1
Shoals:1 exclusion: Roxanne, Roxanne
Slime:6 Royal Jelly
Elf:2 hall of blades incomplete
Crypt:2 extremely dangerous monster (unique?))


Innate Abilities, Weirdness & Mutations

You have claws for feet.
You are completely covered in iridescent scales (AC +8).
You frequently emit foul miasma when damaged in melee.
You are completely attuned to the shadows.
You are extremely robust (+30% HP).
You are immune to rotting.
You tend to lose your temper in combat.
Your mind is acute. (Int +2)
You are very weak. (Str -4)
You expend magic power (3 MP) to strengthen your wands.


Message History

Magic restored.
The azure jelly closely misses you. The azure jelly completely misses you.
You block the azure jelly's attack. The azure jelly closely misses you.
You block the death ooze's attack. x2
Your fire elemental hits the slime creature.
Your fire elemental burns the slime creature!
Your fire elemental hits the Royal Jelly.
Your fire elemental burns the Royal Jelly!
Your fire elemental is burned by acid!
The Royal Jelly shudders.
The Royal Jelly spits out another jelly.
The azure jelly is engulfed in dark miasma.
The azure jelly barely misses you. You block the azure jelly's attack.
The azure jelly hits you.
* * * LOW HITPOINT WARNING * * *
The azure jelly completely misses you.
The acid blob is engulfed in dark miasma.
The acid blob hits you!!
* * * LOW HITPOINT WARNING * * *
You are splashed with acid!
The acid corrodes you!
The acid burns!
You resist.
You die...

#### #####...###
###...J#....##
##....JJJ.....## ** ** *
.....JJ@JJ.....####..# ,,,
, .....JJJJJ......##...##
,,,,
......JGJJ............# *,
,
,,.......JEJ.J..........##
*,,,, ,
......E§§§..{........... ,
,,
,,......§§................
, ,,
,........................
,,, ,
........................
,,,, ,
.......{................


You could see the Royal Jelly, 4 acid blobs, 7 azure jellies, a great orb of
eyes, 2 slime creatures, 5 death oozes and 2 friendly fire elementals.

Vanquished Creatures
  Khufu (Crypt:1)
  3 orbs of fire
  Sojobo (Vaults:4)
  Norris (Vaults:2)
  Margery (Vaults:4)
  A caustic shrike (Depths:4)
  2 Killer Klowns
  Geryon (Hell)
  7 golden dragons
  Jory (Crypt:1)
  Nikola (Spider:2)
  A bone dragon (Depths:5)
  Arachne (Spider:4)
  Jorgrun (Depths:2)
  2 electric golems
  2 hellephants (Zot:4)
  Rupert (Lair:7)
  5 liches
  5 tentacled monstrosities
  A Hell Sentinel (Abyss:3)
  4 titans
  A quicksilver dragon (Vaults:5)
  18 acid blobs
  A sphinx (Vaults:5)
  9 tentacled starspawn (Abyss:3)
  6 death cobs
  Polyphemus (Shoals:2)
  7 tengu reavers
  5 ancient champions
  7 shadow dragons
  6 draconian monks
  An azure jelly (shapeshifter) (Depths:3)
  Kirke (Spider:4)
  10 azure jellies
  8 fire giants
  14 storm dragons
  Ilsuiw (Shoals:4)
  4 deep elf sorcerers (Vaults:5)
  An iron dragon (Depths:4)
  A revenant (Vaults:3)
  5 draconian scorchers
  7 frost giants
  Donald (Slime:5)
  Maud (D:14)
  11 vault wardens
  2 orc warlords
  7 ghost moths
  6 emperor scorpions
  Aizul (Spider:3)
  A draconian knight (Zot:1)
  5 draconian zealots
  2 curse skulls
  6 draconian shifters
  7 ghouls (Crypt:1)
  An emperor scorpion (shapeshifter) (Depths:3)
  11 ironheart preservers
  3 draconian annihilators
  A juggernaut zombie (Depths:4)
  10 reapers
  A spriggan defender (Depths:4)
  3 draconian callers
  11 war gargoyles
  26 very ugly things
  2 caustic shrike skeletons
  2 deep elf demonologists
  17 stone giants
  8 salamander stormcallers
  4 vampire knights
  Azrael (Elf:1)
  3 white draconians
  A lorocyproca (Depths:4)
  5 green draconians
  11 mottled draconians
  5 yellow draconians
  9 spark wasps
  6 red draconians
  2 deep elf annihilators
  11 black draconians
  6 purple draconians
  A blizzard demon (Hell)
  11 ettins
  4 death oozes
  8 merfolk javelineers
  8 deep elf death magi
  10 crystal guardians
  5 eidola
  A minotaur (shapeshifter) (Depths:3)
  An ettin (shapeshifter) (Depths:3)
  34 vault guards
  Josephine (Orc:1)
  16 yaktaur captains
  6 entropy weavers
  6 merfolk impalers
  9 jiangshi
  8 ice dragons
  13 great orbs of eyes
  A great orb of eyes (shapeshifter) (Depths:3)
  12 fire dragons
  2 rakshasas (Depths:1)
  A quicksilver dragon skeleton (Hell)
  A deep elf high priest (Depths:3)
  4 spriggan air magi
  7 hydras
  Fannar (D:12)
  2 hell beasts (Hell)
  7 merfolk aquamancers
  14 ogre magi
  An ice dragon (shapeshifter) (Depths:3)
  7 satyrs
  A satyr (shapeshifter) (Depths:3)
  A catoblepas (Shoals:2)
  32 dancing weapons
  8 centaur warriors
  7 death knights
  2 tengu warriors
  The ghost of Mandevil the Bringer of Light, a novice FoAM of the Shining One (D:9)
  5 hell hogs
  6 vampire magi
  3 death yaks (Shoals:2)
  10 thrashing horrors (Abyss:3)
  8 orc high priests (Orc:2)
  3 deep troll earth magi
  19 deep elf knights
  8 soul eaters
  22 hell knights
  4 storm dragon zombies
  Sonja (Lair:2)
  5 sun demons (Depths:2)
  A fire crab (shapeshifter) (Depths:5)
  37 skeletal warriors
  A fire crab (Vaults:3)
  2 shadow wraiths
  3 iron golems
  5 unseen horrors
  7 wretched stars (Abyss:3)
  10 sea snakes
  2 flayed ghosts (Vaults:3)
  A gelid demonspawn (Orc:2)
  An anaconda zombie (Hell)
  A shadow dragon zombie (Abyss:3)
  18 deep trolls
  2 spatial maelstroms (Abyss:3)
  6 hill giants
  A lindwurm (shapeshifter) (Depths:3)
  13 deep elf archers
  8 giant orange brains
  A shadow demon (Depths:5)
  8 phantasmal warriors
  An infernal demonspawn (Depths:4)
  2 anaconda skeletons
  A giant orange brain (shapeshifter) (Depths:3)
  A golden dragon skeleton (Depths:4)
  12 ironbrand convokers
  A sphinx zombie (Depths:4)
  A torturous demonspawn (Orc:2)
  23 harpies
  5 obsidian statues
  20 orc knights
  An anubis guard (shapeshifter) (Depths:3)
  8 orc sorcerers
  2 orb spiders (shapeshifter) (Vaults:3)
  A mana viper (Abyss:3)
  9 necromancers
  48 ugly things
  8 wizards
  A hornet (shapeshifter) (Depths:1)
  17 orb spiders
  A harpy (shapeshifter) (Vaults:1)
  10 oklob plants
  A salamander (Depths:1)
  53 deep elf magi
  6 griffons
  9 hornets
  35 wolf spiders
  29 fauns
  4 worldbinders (Abyss:3)
  11 cyclopes
  A shining eye (shapeshifter) (Abyss:3)
  17 moths of wrath
  A salamander (shapeshifter) (Depths:4)
  8 manticores
  A sixfirhy (Abyss:3)
  A fire giant zombie (Crypt:1)
  A moth of wrath (shapeshifter) (Elf:2)
  3 rust devils
  An apocalypse crab (Abyss:3)
  8 shining eyes
  An elephant (shapeshifter) (Vaults:5)
  2 human skeletons
  5 black mambas
  28 elephants
  A black mamba (shapeshifter) (Depths:3)
  A water nymph (shapeshifter) (Vaults:1)
  5 eyes of devastation
  3 naga magi
  6 molten gargoyles (Depths:3)
  10 vault sentinels
  4 water nymphs
  2 orange demons (Depths:5)
  8 smoke demons
  A titan simulacrum (Depths:4)
  A gargoyle (Depths:3)
  14 spiny frogs
  6 rime drakes
  An alligator snapping turtle skeleton (Crypt:1)
  8 human zombies
  A komodo dragon (shapeshifter) (Vaults:1)
  A spriggan skeleton (Depths:4)
  3 kobold demonologists
  2 hellions
  8 freezing wraiths
  2 ice devils
  9 komodo dragons
  42 yaktaurs
  4 tengu conjurers
  2 hydra zombies (Hell)
  4 ancient zymes (Abyss:3)
  6 hellwings
  5 red devils
  A jumping spider (shapeshifter) (Vaults:5)
  10 polar bears
  34 merfolk
  A queen bee (shapeshifter) (Vaults:2)
  A queen bee (Spider:2)
  15 demonic crawlers
  11 trolls
  A silent spectre (Crypt:2)
  17 two-headed ogres
  A troll (shapeshifter) (Vaults:2)
  A polar bear (shapeshifter) (D:12)
  6 wind drakes
  23 jumping spiders
  10 snapping turtles
  7 raiju
  3 blink frogs (shapeshifter)
  3 blink frogs (Lair:2)
  15 large abominations (Abyss:3)
  A slime creature (shapeshifter) (Depths:3)
  A hydra skeleton (Hell)
  104 slime creatures
  A bog body (Crypt:1)
  6 boulder beetles
  12 air elementals
  A satyr zombie (Crypt:1)
  66 redbacks
  Sigmund (D:5)
  2 vampires (D:14)
  A flying skull (Abyss:3)
  A spriggan (D:8)
  35 water elementals
  25 tarantellas
  2 alligator skeletons (Hell)
  2 ettin skeletons
  5 shadows
  12 wyverns
  10 basilisks
  10 fire elementals
  4 ynoxinuls (Abyss:3)
  63 yaks
  2 hungry ghosts
  16 wraiths
  18 hippogriffs
  2 hogs (Spider:4)
  A hog (shapeshifter) (Vaults:3)
  Grum (Lair:2)
  3 golden eyes (Slime:3)
  3 humans (Zot:4)
  7 chaos spawn
  3 neqoxecs
  12 vampire mosquitoes
  14 wargs
  Edmund (D:4)
  A mottled dragon (D:13)
  A spatial vortex (Abyss:3)
  A warg (shapeshifter) (D:13)
  4 insubstantial wisps (Depths:3)
  A porcupine (shapeshifter) (Vaults:3)
  20 hell hounds
  16 water moccasins
  A soldier ant (D:12)
  An entropy weaver simulacrum (Vaults:2)
  Duvessa (D:5)
  2 giant eyeballs (Depths:4)
  10 porcupines
  A swamp drake (shapeshifter) (Vaults:3)
  A wasp (shapeshifter) (Depths:3)
  A spiny frog skeleton (Hell)
  4 sky beasts
  2 swamp dragon zombies
  69 orc warriors
  3 ice beasts
  14 black bears
  A fire dragon simulacrum (Abyss:3)
  7 phantoms
  5 boggarts (Vaults:3)
  A tengu (shapeshifter) (Depths:3)
  9 eyes of draining
  A ghost crab zombie (Crypt:2)
  2 necrophages
  6 wasps
  A snapping turtle zombie (Crypt:1)
  75 ogres
  10 starcursed masses (Abyss:3)
  A boggart (shapeshifter) (Vaults:5)
  31 wolves
  15 centaurs
  16 crocodiles
  An elf simulacrum (Depths:4)
  Blork the orc (D:4)
  A fire crab zombie (Crypt:1)
  11 small abominations (Abyss:3)
  18 giant frogs
  A wyvern zombie (D:12)
  A gnoll sergeant (D:8)
  12 earth elementals
  Dowan (D:5)
  A komodo dragon skeleton (Crypt:2)
  8 scorpions
  A boulder beetle zombie (Crypt:1)
  A yak zombie (Crypt:2)
  A water moccasin skeleton (Crypt:2)
  A shapeshifter zombie (Crypt:2)
  26 killer bees
  A hippogriff skeleton (Crypt:1)
  5 howler monkeys
  39 jellies
  15 wights
  An electric eel (Spider:4)
  6 crimson imps
  4 centaur zombies
  4 giant frog zombies
  4 quasits
  A jelly (shapeshifter) (Vaults:5)
  28 orc priests
  4 centaur skeletons
  2 giant frog skeletons
  16 hounds
  A soldier ant zombie (Crypt:1)
  A two-headed ogre zombie (Crypt:2)
  2 gnoll shamans (D:3)
  2 iron imps
  Jessica (D:3)
  Terence (D:2)
  8 iguanas
  32 orc wizards
  11 worker ants
  13 sirens
  2 merfolk avatars
  40 sheep
  5 mummies (Crypt:1)
  41 gnolls
  A howler monkey skeleton (D:9)
  17 adders
  71 river rats
  6 shadow imps
  2 white imps (Abyss:3)
  An ufetubus (Abyss:3)
  2 oozes (Lair:7)
  An adder zombie (D:7)
  2 adder skeletons
  3 worms
  A ball lightning (Depths:3)
  A dart slug (D:4)
  3 giant geckos
  142 orcs
  12 giant cockroaches
  7 goblins
  13 hobgoblins
  31 jackals
  21 kobolds
  7 quokkas
  11 ball pythons
  8 bats
  2 giant gecko skeletons
  A giant gecko zombie (D:9)
  8 giant newts
  A jackal zombie (D:7)
  An orc skeleton (Crypt:1)
  A quokka skeleton (D:9)
  28 rats
  2 crawling corpses
  A fire vortex (Hell)
  A fungus (Zot:3)
  2 lost souls
  8 plants
  3 starspawn tentacles (Abyss:3)
3143 creatures vanquished.

Vanquished Creatures (collateral kills)
  4 Killer Klowns (Zot:4)
  A golden dragon (Vaults:5)
  A bone dragon (Depths:5)
  Xtahua (Depths:4)
  A tentacled monstrosity (Zot:2)
  2 titans
  A storm dragon (Zot:4)
  4 shadow dragons
  3 tengu reavers (Vaults:5)
  A fire giant (Depths:4)
  A draconian monk (Zot:3)
  A balrug (Hell)
  A draconian zealot (Zot:2)
  6 frost giants
  A vault warden (Vaults:5)
  A draconian shifter (Zot:3)
  4 stone giants
  6 very ugly things
  A salamander stormcaller (Vaults:5)
  3 yellow draconians
  A lorocyproca (Hell)
  2 mottled draconians
  2 green draconians (Zot:2)
  A spark wasp (Spider:4)
  2 red draconians (Zot:2)
  2 white draconians
  3 deep elf high priests
  An ettin (Depths:4)
  4 yaktaur captains
  2 great orbs of eyes
  A fire dragon (shapeshifter) (Depths:4)
  A jiangshi (Depths:2)
  4 ogre magi
  A merfolk impaler (Shoals:3)
  3 ice dragons
  An entropy weaver (Depths:5)
  A fire dragon (Zot:1)
  2 merfolk avatars
  An alligator snapping turtle (shapeshifter) (Vaults:5)
  A deep troll shaman (Depths:4)
  A vampire mage (Depths:2)
  A spriggan berserker (Depths:5)
  A hell knight (Depths:2)
  A shadow wraith (Vaults:5)
  2 sea snakes (Shoals:4)
  A sea snake (shapeshifter) (Vaults:5)
  2 deep trolls
  A flayed ghost (Depths:4)
  A giant orange brain (Depths:4)
  A swamp dragon (shapeshifter) (Vaults:1)
  A gelid demonspawn (Depths:4)
  A harpy (Shoals:3)
  4 deep elf magi (Vaults:5)
  A torturous demonspawn (Depths:4)
  A necromancer (Vaults:5)
  An orb spider (Spider:4)
  2 wolf spiders (Spider:4)
  An ironbrand convoker (Vaults:5)
  2 hornets (Spider:4)
  A stone giant zombie (Vaults:5)
  5 fauns
  A griffon (Shoals:3)
  2 oklob plants (Zot:3)
  A manticore (shapeshifter) (Vaults:5)
  6 slime creatures
  3 moths of wrath
  6 ugly things
  An elephant (Zot:4)
  4 vault sentinels
  4 sirens
  A hellwing (D:15)
  7 yaktaurs
  4 red devils
  An ice devil (Depths:4)
  9 merfolk
  A wind drake (Shoals:3)
  5 two-headed ogres
  A sphinx simulacrum (Vaults:5)
  A snapping turtle (Shoals:3)
  2 air elementals (Depths:5)
  3 spriggans (Depths:5)
  4 redbacks
  2 tarantellas
  A water elemental (Shoals:3)
  A wyvern (D:14)
  An alligator skeleton (Hell)
  A hog (Spider:4)
  3 humans (Zot:4)
  An elf zombie (Depths:4)
  A hippogriff (Shoals:2)
  A hell hound (Hell)
  2 orc warriors (Vaults:5)
  A giant eyeball (shapeshifter) (Vaults:5)
  6 ogres
  4 wasps
  A centaur (Shoals:2)
  A crimson imp (Hell)
  An iron imp (Hell)
  An orc wizard (Vaults:1)
  3 sheep
  3 orcs (Vaults:1)
  3 kobolds (Vaults:1)
  2 bushes (Zot:3)
  A fungus (Zot:3)
  15 plants
235 creatures vanquished.

Vanquished Creatures (others)
  A draconian scorcher (Zot:3)
  An ice dragon (Depths:2)
  A satyr (Shoals:4)
  A skeletal warrior (Hell)
  A deep elf archer (Vaults:5)
  An orc knight (Vaults:1)
  A faun (Shoals:4)
  A vault sentinel (Vaults:5)
  A smoke demon (Hell)
  A jumping spider (Spider:2)
  A wind drake (Depths:3)
  A tarantella (Spider:4)
  An orc warrior (Orc:2)
  2 crimson imps
  An orc priest (Orc:1)
  An iron imp (Hell)
  8 ball lightnings (Depths:3)
  An orc (Vaults:4)
  A bush (Zot:3)
  12 fungi
  A lost soul (Crypt:2)
  49 plants
  21 starspawn tentacles (Abyss:3)
  113 starspawn tentacle segments (Abyss:3)
  13 toadstools (Lair:3)
236 creatures vanquished.

Grand Total: 3614 creatures vanquished

Notes
Turn   | Place    | Note
--------------------------------------------------------------
     0 | D:1      | MenacingMecha the Demonspawn Gladiator began the quest for the Orb.
     0 | D:1      | Reached XP level 1. HP: 16/16 MP: 1/1
   358 | D:1      | Gained mutation: You are slightly more attuned to the shadows. [demonic ancestry]
   358 | D:1      | Reached XP level 2. HP: 19/22 MP: 2/2
  1391 | D:2      | Noticed Terence
  1549 | D:2      | Gained mutation: You have sharp toenails. [demonic ancestry]
  1549 | D:2      | Reached XP level 3. HP: 27/27 MP: 3/3
  1570 | D:2      | Found a stormy altar of Qazlal.
  2015 | D:2      | Found Zin's Purification Station.
  2020 | D:2      | Found a glowing silver altar of Zin.
  2055 | D:2      | Found a shadowy altar of Dithmenos.
  2570 | D:3      | Noticed Jessica
  2574 | D:3      | Killed Jessica
  2574 | D:3      | Reached XP level 4. HP: 18/33 MP: 4/4
  2892 | D:3      | Reached skill level 5 in Maces & Flails
  3640 | D:3      | Gained mutation: You are partially covered in iridescent scales (AC +4). [demonic ancestry]
  3640 | D:3      | Reached XP level 5. HP: 37/38 MP: 5/5
  3793 | D:2      | Killed Terence
  4065 | D:4      | Gained mutation: You have razor-sharp toenails. [demonic ancestry]
  4065 | D:4      | Reached XP level 6. HP: 3/44 MP: 6/6
  4579 | D:4      | Noticed Edmund
  4611 | D:4      | Killed Edmund
  4793 | D:4      | Found Goutut's Antique Armour Boutique.
  4800 | D:4      | Bought an embroidered cloak for 94 gold pieces
  4834 | D:4      | Found Quixkeol's Serpentskin Sales.
  4962 | D:4      | Bought 3 curare-tipped needles for 21 gold pieces
  5007 | D:4      | Noticed Blork the orc
  5016 | D:4      | Killed Blork the orc
  5016 | D:4      | Reached XP level 7. HP: 51/51 MP: 7/7
  5474 | D:5      | Entered Level 5 of the Dungeon
  6238 | D:5      | Found a deep blue altar of Sif Muna.
  6243 | D:5      | Noticed Duvessa
  6245 | D:5      | Noticed Dowan
  6265 | D:5      | Killed Duvessa
  6265 | D:5      | Gained mutation: You are immune to rotting. [demonic ancestry]
  6265 | D:5      | Reached XP level 8. HP: 35/58 MP: 8/8
  6271 | D:5      | Killed Dowan
  6540 | D:5      | Found Lytow's Magic Scroll Boutique.
  6625 | D:5      | Found an opulent altar of Gozag.
  6646 | D:5      | Found Ifrusad's Armour Boutique.
  6777 | D:5      | Found Ipulamaqu's Antique Weapon Shoppe.
  6831 | D:5      | Noticed Sigmund
  6842 | D:5      | Killed Sigmund
  7041 | D:5      | Found Webid's Assorted Antiques.
  7201 | D:5      | Found Bethao's Distillery.
  7617 | D:5      | Gained mutation: Your magical capacity is low (-10% MP). [potion of mutation]
  7617 | D:5      | Gained mutation: Your system is resistant to poisons. [potion of mutation]
  7617 | D:5      | Gained mutation: Your muscles are strong. (Str +2) [potion of mutation]
  7767 | D:6      | Found a sparkling altar of Nemelex Xobeh.
  7960 | D:6      | Reached skill level 10 in Maces & Flails
  8037 | D:6      | Found a glowing drain.
  8072 | Sewer    | Entered a sewer
  8331 | Sewer    | Gained mutation: You are significantly more attuned to the shadows. [demonic ancestry]
  8331 | Sewer    | Reached XP level 9. HP: 64/64 MP: 8/8
  8579 | D:6      | Found a snail-covered altar of Cheibriados.
  8702 | D:6      | Found a shattered altar of Ashenzari.
  8716 | D:6      | Became a worshipper of Ashenzari the Shackled
  9343 | D:7      | Found a radiant altar of Vehumet.
  9441 | D:7      | Found a staircase to the Ecumenical Temple.
  9966 | D:7      | Found Mohauhac's Jewellery Shop.
 10191 | D:7      | Reached * piety under Ashenzari
 10568 | D:7      | Found a basalt altar of Yredelemnul.
 11100 | D:8      | Found an oddly glowing altar of Pakellas.
 11147 | D:8      | Found an ancient bone altar of Kikubaaqudgha.
 11364 | D:8      | Found Oxeak's Antique Weapon Shoppe.
 11637 | D:9      | Reached skill level 1 in Evocations
 11674 | D:9      | Reached skill level 1 in Armour
 11740 | D:9      | Noticed a troll
 11853 | D:9      | Reached ** piety under Ashenzari
 12089 | D:9      | Gained mutation: You are mostly covered in iridescent scales (AC +6). [demonic ancestry]
 12089 | D:9      | Reached XP level 10. HP: 26/70 MP: 9/10
 12323 | D:9      | Noticed Mandevil's ghost (novice FoAM)
 13899 | D:9      | Reached skill level 5 in Evocations
 14188 | D:10     | Entered Level 10 of the Dungeon
 14281 | D:9      | Reached skill level 5 in Fighting
 14317 | D:10     | Noticed a hill giant
 14435 | D:10     | Found a staircase to the Lair.
 14460 | Lair:1   | Entered Level 1 of the Lair of Beasts
 15159 | Lair:1   | Noticed a spiny frog
 15160 | Lair:1   | Noticed Grum
 15200 | Lair:1   | Killed a spiny frog
 15713 | Lair:1   | Gained mutation: You have claws for feet. [demonic ancestry]
 15713 | Lair:1   | Reached XP level 11. HP: 79/86 MP: 13/13
 15718 | Lair:1   | Reached skill level 5 in Dodging
 15906 | Lair:1   | Got the uncursed scale mail "Tuyd" {rElec Slay+3}
 15917 | Lair:1   | Identified the +4 scale mail "Tuyd" {rElec Slay+3} (You found it on level 1 of the Lair of Beasts)
 16629 | Lair:2   | Reached *** piety under Ashenzari
 16736 | Lair:2   | Killed Grum
 17292 | Lair:2   | Noticed Sonja
 17482 | Lair:3   | Found a staircase to the Shoals.
 17511 | Lair:3   | Reached skill level 10 in Fighting
 17727 | Lair:3   | Learned a level 2 spell: Swiftness
 17730 | Lair:3   | Learned a level 2 spell: Repel Missiles
 17771 | Lair:3   | Noticed a six-headed hydra
 17814 | Lair:3   | Reached skill level 1 in Charms
 17814 | Lair:3   | Reached skill level 1 in Air Magic
 18260 | D:7      | Bought the ring of Tudaeffo {rElec rF+ Str+3 Slay+3} for 579 gold pieces
 18625 | Lair:3   | Found a blossoming altar of Fedhas.
 18640 | Lair:3   | Noticed an oklob plant
 18800 | Lair:3   | Gained mutation: You may emit foul miasma when damaged in melee. [demonic ancestry]
 18800 | Lair:3   | Reached XP level 12. HP: 84/97 MP: 14/14
 18976 | Lair:3   | Reached **** piety under Ashenzari
 19080 | Lair:4   | Noticed a four-headed hydra
 19140 | Lair:3   | Killed a four-headed hydra
 19188 | Lair:3   | Reached skill level 5 in Air Magic
 19410 | Lair:4   | Reached skill level 5 in Charms
 19466 | Lair:4   | Identified the ring "Dedaam" {Fire rN+++ Dex-2 Slay-3 SInv}
 19508 | Lair:3   | Killed a six-headed hydra
 21099 | Lair:5   | Reached XP level 13. HP: 102/103 MP: 15/15
 21267 | Lair:5   | Found a hole to the Spider Nest.
 22502 | Lair:6   | Reached ***** piety under Ashenzari
 23305 | Lair:7   | Found a staircase to the Slime Pits.
 23370 | Lair:7   | Noticed Rupert
 23383 | Lair:7   | Killed Rupert
 24182 | Lair:8   | Entered Level 8 of the Lair of Beasts
 24831 | Lair:8   | Reached skill level 10 in Dodging
 25059 | Lair:5   | Reached XP level 14. HP: 107/110 MP: 18/18
 26598 | D:4      | Bought a pitted buckler for 199 gold pieces
 26598 | D:4      | Identified the +1 robe of the Thunderstorm {+Inv rElec rN+ SInv} (You found it on level 2 of the Lair of Beasts)
 26699 | D:8      | Bought an eveningstar for 390 gold pieces
 26706 | D:8      | Identified the +1 buckler of the Sea {SInv} (You bought it in a shop on level 4 of the Dungeon)
 26862 | D:10     | Found a staircase to the Orcish Mines.
 26941 | D:10     | Reached skill level 1 in Shields
 27660 | D:11     | Reached skill level 2 in Shields
 28733 | D:12     | Noticed Fannar
 28745 | D:12     | Killed Fannar
 28896 | D:12     | Reached skill level 10 in Evocations
 29054 | D:12     | Reached ****** piety under Ashenzari
 29257 | D:13     | Reached skill level 3 in Shields
 29636 | D:13     | Found a gate to the Vaults.
 29697 | D:13     | Reached skill level 4 in Shields
 30012 | D:13     | Reached skill level 5 in Shields
 30154 | D:13     | Found Duaff's Food Shoppe.
 30226 | D:13     | Found a white marble altar of Elyvilon.
 30237 | D:13     | Learned a level 2 spell: Passwall
 30491 | D:13     | Reached skill level 1 in Transmutations
 30491 | D:13     | Reached skill level 1 in Earth Magic
 31062 | Orc:1    | Entered Level 1 of the Orcish Mines
 31062 | Orc:1    | Noticed a stone giant
 31210 | D:14     | Found Cekkox's Antique Weapon Shop.
 31759 | D:14     | Noticed Maud
 31773 | D:14     | Killed Maud
 31773 | D:14     | Gained mutation: You are completely attuned to the shadows. [demonic ancestry]
 31773 | D:14     | Reached XP level 15. HP: 118/118 MP: 20/20
 32802 | D:14     | Reached skill level 6 in Shields
 33371 | D:15     | Entered Level 15 of the Dungeon
 33865 | D:15     | Reached skill level 7 in Shields
 34041 | D:15     | Reached skill level 5 in Armour
 34070 | D:15     | Found a staircase to the Depths.
 34371 | D:15     | Reached skill level 8 in Shields
 35151 | D:9      | Killed Mandevil's ghost
 35738 | Orc:2    | Entered Level 2 of the Orcish Mines
 35750 | Orc:2    | Noticed an orc warlord
 35833 | Orc:1    | Killed an orc warlord
 36154 | Orc:2    | Found a staircase to the Elven Halls.
 36508 | Orc:2    | Found a shimmering altar of Xom.
 36561 | Orc:2    | Reached skill level 9 in Shields
 36562 | Orc:2    | Found a roughly hewn altar of Beogh.
 36603 | Orc:2    | Gained mutation: You are completely covered in iridescent scales (AC +8). [demonic ancestry]
 36603 | Orc:2    | Reached XP level 16. HP: 125/127 MP: 21/21
 36921 | Orc:2    | Found Fucu's Magic Scroll Emporium.
 36942 | Orc:2    | Found Zeipriv's Food Shoppe.
 37340 | Orc:2    | Found Fotir's Book Boutique.
 37340 | Orc:2    | Found Toxahe's Antique Armour Shop.
 37403 | Orc:2    | Found a one-way gate leading to the halls of Pandemonium.
 37949 | Orc:2    | Bought a shiny helmet for 130 gold pieces
 37961 | Orc:2    | Bought a book of Necromancy for 300 gold pieces
 37965 | Orc:2    | Learned a level 3 spell: Regeneration
 38240 | Orc:2    | Reached skill level 1 in Spellcasting
 38240 | Orc:2    | Reached skill level 1 in Necromancy
 38740 | Orc:1    | Noticed Josephine
 38750 | Orc:1    | Killed Josephine
 39574 | Lair:2   | Killed Sonja
 39839 | Spider:1 | Entered Level 1 of the Spider Nest
 40453 | Spider:1 | Reached skill level 5 in Necromancy
 41322 | Spider:2 | Noticed Nikola
 41341 | Spider:2 | Killed Nikola
 43947 | Spider:3 | Reached XP level 17. HP: 136/136 MP: 22/22
 44265 | Lair:2   | Reached skill level 10 in Shields
 44391 | Lair:2   | Identified the +1 robe of the Thunderstorm {+Inv rElec rN+ SInv} (You found it on level 2 of the Lair of Beasts)
 44548 | Shoals:1 | Entered Level 1 of the Shoals
 44608 | Shoals:1 | Noticed Roxanne
 45505 | Shoals:2 | Noticed Polyphemus
 46900 | Elf:1    | Entered Level 1 of the Elven Halls
 47004 | Elf:1    | Reached skill level 11 in Shields
 47035 | Elf:1    | Found a flickering gateway to a bazaar.
 47046 | Bazaar   | Entered a bazaar
 47049 | Bazaar   | Found Porumenoep's Gadget Emporium.
 47050 | Bazaar   | Found Aqaso's Magic Scroll Emporium.
 47063 | Bazaar   | Found Tobruhet's Assorted Antiques.
 47069 | Bazaar   | Found Caowovi's Armour Shoppe.
 47100 | Bazaar   | Bought a +2 helmet of see invisible for 236 gold pieces
 47665 | Elf:1    | Noticed Azrael
 47682 | Elf:1    | Killed Azrael
 47776 | Elf:1    | Found Xazxez's Armour Shop.
 47793 | Elf:1    | Reached skill level 12 in Shields
 47794 | Elf:1    | Found Sige's Food Boutique.
 48494 | Elf:2    | Found a runed gate.
 48494 | Elf:2    | Found a runed gate.
 48495 | Elf:2    | Found a runed gate.
 49080 | Elf:2    | Reached skill level 10 in Necromancy
 49325 | Elf:2    | Gained mutation: You are robust (+10% HP). [demonic ancestry]
 49325 | Elf:2    | Reached XP level 18. HP: 126/160 MP: 9/22
 50363 | Lair:2   | Learned a level 4 spell: Animate Dead
 50368 | Lair:2   | Learned a level 4 spell: Control Undead
 50380 | Lair:2   | Upgraded the game from 0.18-a0-1718-g40ea4b6 to 0.18-a0-1720-g8df8b1a
 50576 | Spider:4 | Entered Level 4 of the Spider Nest
 50700 | Spider:4 | Reached skill level 5 in Throwing
 51399 | Spider:4 | Noticed Aizul
 51639 | Spider:3 | Killed Aizul
 52913 | Spider:4 | Noticed Arachne
 52929 | Spider:4 | Killed Arachne
 52996 | Spider:4 | Noticed Kirke
 53212 | Spider:4 | Killed Kirke
 53431 | Spider:4 | Got a gossamer rune of Zot
 54005 | Vaults:1 | Entered Level 1 of the Vaults
 54034 | Vaults:1 | Reached skill level 5 in Spellcasting
 54397 | Vaults:1 | Reached XP level 19. HP: 167/167 MP: 24/24
 56098 | Vaults:2 | Reached skill level 15 in Fighting
 56526 | Vaults:2 | Noticed Norris
 56545 | Vaults:2 | Killed Norris
 57917 | Vaults:3 | Reached skill level 10 in Armour
 58150 | Vaults:3 | Gained mutation: You are very robust (+20% HP). [demonic ancestry]
 58150 | Vaults:3 | Reached XP level 20. HP: 170/194 MP: 28/28
 58940 | Vaults:3 | Found a staircase to the Crypt.
 59026 | Vaults:3 | Found Mirah's Armour Shop.
 59893 | Lair:2   | Lost mutation: Your system is resistant to poisons. [helix card]
 60266 | D:7      | Bought an uncursed ring of poison resistance for 200 gold pieces
 60897 | Vaults:4 | Identified the +1 robe "Makhun" {rPois Dex-4 Slay+5}
 61037 | Vaults:4 | Found a radiant altar of Vehumet.
 61038 | Vaults:4 | Identified the cursed +0 hat of Riwnyd {rC+ SInv}
 61064 | Vaults:4 | Identified the cursed -5 robe of Misfortune {-Cast *Contam *Tele EV-4 Str-2 Int-2 Dex-2 Stlth-- *Curse}
 61064 | Vaults:4 | Identified the +3 hat "Gilecero" {+Fly Str+3 Int-5}
 61065 | Vaults:4 | Identified the +0 robe of a wizard's laboratory {Int+3}
 61141 | Vaults:4 | Found a portal to a secret trove of treasure.
 61351 | Vaults:4 | Found Wieho's Antique Weapon Shop.
 61377 | Vaults:4 | Noticed Sojobo
 61560 | Vaults:4 | Killed Sojobo
 62714 | Vaults:4 | Noticed Margery
 63591 | Shoals:2 | Reached XP level 21. HP: 193/202 MP: 29/29
 63708 | Shoals:2 | Killed Polyphemus
 63984 | Shoals:3 | Identified the +6 spear of Buefuami {pierce, Dex+2}
 64914 | Orc:2    | Bought 3 scrolls of identify for 108 gold pieces
 65145 | Vaults:4 | You paid a toll of 19 scrolls of identify to enter a treasure trove
 65146 | Trove    | Entered a treasure trove
 65150 | Trove    | Identified the ring of Temptation {Str+3 SInv}
 65243 | Vaults:4 | Killed Margery
 65852 | D:5      | Bought a scroll of enchant weapon for 112 gold pieces
 65852 | D:5      | Bought a scroll of identify for 30 gold pieces
 65852 | D:5      | Bought a scroll of identify for 30 gold pieces
 65852 | D:5      | Bought a scroll of identify for 30 gold pieces
 65852 | D:5      | Bought a scroll of identify for 30 gold pieces
 66195 | Shoals:4 | Entered Level 4 of the Shoals
 66302 | Shoals:4 | Noticed Ilsuiw
 67304 | Shoals:4 | Killed Ilsuiw
 67658 | Shoals:4 | Got a barnacled rune of Zot
 67814 | Shoals:4 | Identified the ring of Laoreal {rCorr +Fly rElec rF++ Str+2} (You took it off a siren on level 4 of the Shoals)
 68958 | Depths:1 | Entered Level 1 of the Depths
 68983 | D:15     | Reached skill level 10 in Throwing
 69549 | Depths:1 | Found a gateway to Hell.
 69597 | Depths:1 | Identified the +4 demon trident "Zerhynae" {pain, -Tele rElec MP+9}
 70153 | Depths:1 | Reached XP level 22. HP: 169/217 MP: 30/30
 71078 | Depths:2 | Noticed Jorgrun
 71091 | Depths:2 | Killed Jorgrun
 71173 | Depths:2 | Reached skill level 15 in Evocations
 71827 | Hell     | Entered the Vestibule of Hell
 71827 | Hell     | Noticed Geryon
 72983 | Depths:3 | Reached skill level 13 in Shields
 73086 | Depths:3 | Identified the +11 arbalest of Instinct {flame, rPois Int+3 Dex+2}
 73288 | Depths:3 | Noticed a caustic shrike
 73288 | Depths:3 | a quicksilver dragon changed into a caustic shrike
 73289 | Depths:3 | a caustic shrike changed into a shadow dragon
 73292 | Depths:3 | Noticed a juggernaut
 73292 | Depths:3 | a juggernaut changed into a titan
 73296 | Depths:3 | Noticed an iron giant
 73296 | Depths:3 | a titan changed into an iron giant
 73302 | Depths:3 | Noticed a juggernaut
 73302 | Depths:3 | an iron giant changed into a juggernaut
 73303 | Depths:3 | Noticed a caustic shrike
 73303 | Depths:3 | a shadow dragon changed into a caustic shrike
 73402 | Depths:3 | Reached skill level 14 in Shields
 73799 | Depths:3 | Gained mutation: You are extremely robust (+30% HP). [demonic ancestry]
 73799 | Depths:3 | Reached XP level 23. HP: 217/243 MP: 31/31
 73855 | Depths:3 | Cast into level 3 of the Abyss (trident of distortion)
 74262 | Abyss:3  | Reached skill level 1 in Stealth
 74673 | Abyss:3  | Reached skill level 5 in Stealth
 75189 | Abyss:3  | Learned a level 6 spell: Simulacrum
 75246 | Abyss:3  | Reached skill level 1 in Ice Magic
 75504 | Abyss:3  | Got an abyssal rune of Zot
 75507 | Abyss:3  | Paralysed by accursed screaming for 1 turns
 75617 | Depths:3 | Escaped the Abyss
 75777 | Depths:3 | Identified the Almanac of Captivating Dark Rites (You found it on level 3 of the Depths)
 75805 | Depths:3 | Reached skill level 5 in Ice Magic
 75913 | Depths:3 | Identified the ring of Ytunihiyc {Str+3 Slay+1}
 76434 | Depths:3 | Found a gateway to a ziggurat.
 76435 | Depths:3 | Identified the ring of Hoolap {rC++ MR+ MP+9 SInv}
 76469 | Depths:3 | Identified the Incunabulum of Quantum Earth
 77134 | Depths:4 | Noticed a caustic shrike
 77145 | Depths:4 | Killed a caustic shrike
 77159 | Depths:4 | Paralysed by a giant eyeball for 3 turns
 77293 | Depths:4 | Found Wualiaro's Distillery.
 77375 | Depths:4 | Noticed Xtahua
 77818 | Depths:4 | Found Ymiuci Epne's Distillery.
 78080 | Orc:2    | Bought a book of Death for 700 gold pieces
 78086 | Orc:2    | Learned a level 5 spell: Dispel Undead
 78497 | Depths:4 | Gained mutation: You frequently emit foul miasma when damaged in melee. [demonic ancestry]
 78497 | Depths:4 | Reached XP level 24. HP: 253/253 MP: 19/31
 78598 | Depths:4 | Killed Xtahua
 78598 | Depths:4 | Reached skill level 10 in Ice Magic
 78964 | Depths:4 | Found Topicren's Armour Boutique.
 78967 | Depths:4 | Found Konetun's Magic Scroll Shop.
 78995 | Depths:4 | Bought a scroll of enchant weapon for 135 gold pieces
 78996 | Depths:4 | Identified a scroll of acquirement
 79046 | Depths:4 | Identified the cursed +1 scale mail of Magic {Slay+3 SInv} (You took it off a deep elf high priest on level 4 of the Depths)
 79078 | Depths:4 | Found a one-way gate to the infinite horrors of the Abyss.
 79209 | Depths:4 | Found Agityuf's Magic Scroll Boutique.
 79473 | Depths:5 | Entered Level 5 of the Depths
 79647 | Depths:5 | Identified the +11 great sword of Dishonour {venom, rPois rN+ MR+}
 80126 | Depths:5 | Found a gate to the Realm of Zot.
 80563 | Depths:4 | Bought a scroll of remove curse for 54 gold pieces
 80939 | Orc:2    | Bought a scroll of remove curse for 54 gold pieces
 80939 | Orc:2    | Bought a scroll of enchant weapon for 135 gold pieces
 81281 | Crypt:1  | Entered Level 1 of the Crypt
 81370 | Crypt:1  | Found an ancient bone altar of Kikubaaqudgha.
 81626 | Crypt:1  | Found a basalt altar of Yredelemnul.
 81681 | Crypt:1  | Noticed Jory
 81687 | Crypt:1  | Killed Jory
 82427 | Crypt:1  | Noticed Khufu
 82463 | Crypt:1  | Killed Khufu
 82679 | Crypt:1  | Reached skill level 10 in Spellcasting
 83485 | Crypt:2  | Found a basalt altar of Yredelemnul.
 84294 | Zot:1    | Entered Level 1 of the Realm of Zot
 84522 | Zot:1    | Reached XP level 25. HP: 251/261 MP: 34/34
 85010 | Zot:2    | Reached skill level 15 in Shields
 86874 | Zot:3    | Noticed an orb of fire
 86883 | Zot:3    | Gained mutation: Your magical capacity is very low (-20% MP). [an orb of fire]
 86890 | Zot:3    | Killed an orb of fire
 86929 | Zot:3    | Reached skill level 16 in Shields
 87818 | Zot:4    | Noticed an orb of fire
 87826 | Zot:4    | Noticed an orb of fire
 87839 | Zot:4    | Killed an orb of fire
 87839 | Zot:4    | Reached skill level 17 in Shields
 87891 | Zot:4    | Reached XP level 26. HP: 151/279 MP: 27/30
 88262 | Zot:4    | Gained mutation: Scrolls take you a little longer to read. [an orb of fire]
 88268 | Zot:4    | Killed an orb of fire
 88471 | Zot:4    | Reached skill level 18 in Shields
 89783 | Lair:2   | Lost mutation: Scrolls take you a little longer to read. [potion of cure mutation]
 89783 | Lair:2   | Lost mutation: Your magical capacity is very low (-20% MP). [potion of cure mutation]
 89783 | Lair:2   | Lost mutation: Your magical capacity is low (-10% MP). [potion of cure mutation]
 89783 | Lair:2   | Lost mutation: Your muscles are strong. (Str +2) [potion of cure mutation]
 89977 | Vaults:5 | Entered Level 5 of the Vaults
 90466 | Vaults:5 | Reached skill level 19 in Shields
 90491 | Vaults:5 | Found Fizycrist's Antique Weapon Boutique.
 90868 | Vaults:5 | Reached XP level 27. HP: 283/291 MP: 38/38
 90903 | Vaults:5 | Reached skill level 20 in Shields
 91147 | Vaults:5 | Got a silver rune of Zot
 91206 | Vaults:5 | Learned a level 2 spell: Blink
 91305 | Vaults:5 | Reached skill level 1 in Translocations
 91872 | Vaults:5 | Found Osaanos's Food Shop.
 91888 | Vaults:5 | Identified the +6 scale mail of Caxy {rPois MP+9}
 91893 | Vaults:5 | Learned a level 1 spell: Summon Butterflies
 92549 | Hell     | Killed Geryon
 93099 | Hell     | Reached skill level 21 in Shields
 93609 | Hell     | Found a gateway to the freezing wastes of Cocytus.
 93702 | Hell     | Found a gateway to the decaying netherworld of Tartarus.
 93855 | Hell     | Found a gateway to the Iron City of Dis.
 93892 | Hell     | Found a gateway to the ashen valley of Gehenna.
 94342 | Slime:1  | Entered Level 1 of the Pits of Slime
 94713 | Slime:1  | Gained mutation: You are weak. (Str -2) [a shining eye]
 94743 | Slime:2  | Gained mutation: You tend to lose your temper in combat. [a shining eye]
 95152 | Slime:2  | Reached skill level 22 in Shields
 95820 | Slime:4  | Found a viscous altar of Jiyva.
 96546 | Slime:5  | Noticed Donald
 96549 | Slime:5  | Killed Donald
 96678 | Slime:5  | Gained mutation: Your mind is acute. (Int +2) [a shining eye]
 96698 | Slime:5  | Reached skill level 1 in Summonings
 96771 | Slime:6  | Entered Level 6 of the Pits of Slime
 96973 | Slime:6  | Gained mutation: You are very weak. (Str -4) [a shining eye]
 96977 | Slime:6  | Gained mutation: You expend magic power (3 MP) to strengthen your wands. [a shining eye]
 97005 | Slime:6  | Noticed the Royal Jelly
 97044 | Slime:6  | HP: 1/291 [acid blob[the Royal Jelly] (22)]
 97044 | Slime:6  | Splashed by an acid blob's acid

Vault maps used:
D:1:      dpeg_arrival_connections
D:2:      zin_purify, grunt_dithmenos_smoke_and_mirrors, first_bread,
          nicolae_qazlal_general_emergency, uniq_terence
D:3:      lemuel_castle_with_subvaults, uniq_jessica
D:4:      serial_shops, nicolae_shop_crystal, guppyfry_shop_venom,
          uniq_blork_the_orc, uniq_edmund
D:5:      lemuel_round_altar, grunt_gozag_breadcrumbs, serial_shops, shop,
          kennysheep_mini_moat, nicolae_shop_behind_doors, shop,
          nicolae_shop_crystal, hangedman_abyss_or_decor_stabs, uniq_duvessa,
          uniq_sigmund
D:6:      nemelex_xobeh_ov_fountains_minmay, lemuel_crystal_altar,
          lemuel_crystal_altar, portal_sewer_entry_a
D:7:      kennysheep_mini, minmay_temple_entry_butterflies, basic_altar,
          serial_shops, nicolae_shop_window_shopping
D:8:      grunt_pakellas_sulfur, serial_shops, nicolae_shop_overgrown_old_shop,
          basic_altar, grunt_pizzeria
D:10:     minmay_lair_entry_lava, david_orc_2
D:12:     uniq_fannar
D:13:     lightli_vaults_fourway_checkpoint, serial_shops, shop,
          elyvilon_altar_5
D:14:     serial_shops, shop_fountains, special_room,
          minmay_misc_feat_diagonals, lightli_minifort, uniq_maud
D:15:     grunt_enter_depths_magical_seal, serial_bayou_pond_c, nrook_uturn
Lair:1:   lemuel_fruit_tree, serial_bayou_shore_b, uniq_grum
Lair:2:   cheibrodos_lair_reptile_den, grunt_megastairs_1, uniq_sonja
Lair:3:   elwin_shoals_entry_stream, tgw_fedhas
Lair:4:   grunt_megastairs_4, serial_bayou_shore_b
Lair:5:   nicolae_spider_entry_non_spiders, columned_hall_lemuel,
          serial_bayou_shore_b
Lair:6:   grunt_megastairs_2
Lair:7:   minmay_slime_entry_jelly_boxes, uniq_rupert
Lair:8:   hangedman_lair_caniforms_friends
Shoals:1: nicolae_shoals_mertower, uniq_roxanne
Shoals:2: nicolae_shoals_flooded_hall, uniq_polyphemus
Shoals:4: shoals_end_grunt_garden, shoals_ilsuiw_alternative, yaktaur_hedge
Spider:2: special_room, uniq_nikola
Spider:4: guppyfry_spider_rune, special_room, uniq_arachne, uniq_aizul,
          uniq_kirke
Slime:4:  basic_altar
Slime:5:  uniq_donald
Orc:1:    cheibrodos_orc_bank, uniq_josephine
Orc:2:    pf_orc_diabolical, basic_altar, kennysheep_orc_chapel
Elf:1:    elf_arrival_001, serial_shops, bzr_entry_gold, shop, shop,
          minmay_elf_crystal_hexagon, basic_loot_grate_trap, uniq_azrael
Elf:2:    lemuel_elevator
Vaults:1: v_misc_26, nicolae_vaults_little_squares_1, v_misc_2,
          nicolae_vaults_puzzle_piece, v_pattern_5, v_misc_16,
          vaults_mumra_minichess_inversion, nicolae_vaults_statue_guard,
          vaults_room_hallway
Vaults:2: v_misc_1, hangedman_vaults_stitches, hangedman_vaults_nails,
          v_pattern_4, nicolae_vaults_border_crossing, ontoclasm_vaults_twist,
          nicolae_vaults_shelves_hall, v_misc_1, v_misc_16,
          nicolae_vaults_little_squares_4, uniq_norris
Vaults:3: minmay_crypt_entry_simple_round, hangedman_vaults_maws,
          v_alt_pattern_1, v_rooms_1, v_alt_pattern_5, grunt_vaults_twisty,
          ontoclasm_vaults_ring_large, vaults_dpeg_cross, v_misc_26, v_misc_29,
          vaults_room_ringed_pool, vaults_room_guarded_vault, serial_shops,
          shop_fountains
Vaults:4: nicolae_vaults_angled_halls, grunt_tower_of_power,
          hangedman_vaults_locks, ontoclasm_vaults_tryst,
          ontoclasm_vaults_ring_square, v_misc_1,
          nicolae_vaults_little_squares_6, nicolae_trove_entry_crossroad,
          serial_shops, nicolae_shop_trees, uniq_sojobo, uniq_margery
Vaults:5: serial_shops
Crypt:1:  basic_altar, lemuel_mausoleum_altar_yredelemnul, uniq_jory, uniq_khufu
Crypt:2:  evilmike_wizard_prison, basic_altar, uniq_wiglaf
Depths:1: hellmouth_3, serial_sigils_hangedman_quiver, kennysheep_minor_cross,
          patterned_corridor
Depths:2: four-leaf_vault, hell_entry, roderic_digamma_sauvastika,
          infiniplex_staircase_zigzag_1, uniq_jorgrun
Depths:3: radiant_caverns_b_rkd, pan_entry, hell_entry
Depths:4: minmay_expanding_squares, hell_entry, rand_demon_pan_entry_4,
          abyss_entry_crystal, serial_shops, nicolae_shop_crystal, shop,
          nicolae_shop_waterfront, nicolae_shop_waterfront, shop_fountains,
          minmay_misc_feat_iff, infiniplex_staircase_trident, uniq_xtahua
Depths:5: evilmike_zot_entry_diamond, rand_demon_pan_entry_7, hell_entry,
          st_stairs_1
Zot:2:    kennysheep_underground_church
Zot:3:    grunt_zot_stairs_overgrown
Zot:4:    circus_mu
Abyss:3:  evilmike_abyss_rune_ettins
Bazaar:   bazaar_minmay_row
Trove:    trove_jewel_2
Sewer:    sewer_sea

Skill      XL: |  1  2  3  4  5  6  7  8  9 10 11 12 13 14 15 16 17 18 19 20 21 22 23 24 25 26 27 |
---------------+----------------------------------------------------------------------------------+-----
Maces & Flails | 3 4 5 6 7 8 10 12 | 12.4
Dodging        | 3 4 7 10 11 12 13 | 13.4
Fighting       | 3 7 10 11 12 13 14 15 17 19 20 | 20.1
Evocations     | 2 5 8 10 14 16 | 16.4
Armour         | 2 3 4 6 10 11 13 | 13.0
Charms         | 3 7 8 |  8.1
Air Magic      | 3 7 8 |  8.1
Shields        | 5 9 12 14 17 19 22 | 22.9
Transmutations | 2 3 |  3.1
Earth Magic    | 2 3 |  3.3
Throwing       | 4 8 10 | 10.4
Spellcasting   | 2 5 8 11 | 11.5
Necromancy     | 8 10 12 14 | 14.7
Stealth        | 8 |  8.1
Ice Magic      | 9 11 | 11.9
Translocations | 3 |  3.0
Summonings     | 1 |  1.2

Action                   |  1- 3 |  4- 6 |  7- 9 | 10-12 | 13-15 | 16-18 | 19-21 | 22-24 | 25-27 || total
-------------------------+-------+-------+-------+-------+-------+-------+-------+-------+-------++-------
Melee: Flail             |   170 |   197 |       |       |       |       |       |       |       ||   367
       Dire flail        |       |    48 |   621 |   968 |   583 |       |       |       |       ||  2220
       Blowgun           |       |       |     2 |       |       |       |       |       |       ||     2
       Eveningstar       |       |       |       |       |   962 |  1781 |  2223 |  2646 |  2364 ||  9976
 Fire: Blowgun           |       |     3 |    47 |       |       |       |       |       |       ||    50
Throw: Throwing net      |       |     2 |     1 |       |     1 |       |       |       |       ||     4
       Tomahawk          |       |       |       |    76 |   105 |   113 |       |       |       ||   294
       Javelin           |       |       |       |       |       |   163 |    62 |    56 |    44 ||   325
 Cast: Repel Missiles    |       |       |       |     1 |     1 |    15 |    10 |     7 |     4 ||    38
       Regeneration      |       |       |       |       |       |    12 |       |    12 |     4 ||    28
       Passwall          |       |       |       |       |       |     1 |       |       |       ||     1
       Animate Dead      |       |       |       |       |       |    15 |    38 |    11 |       ||    64
       Control Undead    |       |       |       |       |       |       |       |    11 |     3 ||    14
       Simulacrum        |       |       |       |       |       |       |       |    15 |    46 ||    61
       Dispel Undead     |       |       |       |       |       |       |       |    51 |     2 ||    53
Invok: Curse Item        |       |       |     2 |     2 |     2 |     4 |     1 |     2 |     1 ||    14
       Scrying           |       |       |       |       |     1 |     1 |       |     5 |       ||     7
 Abil: Evoke Flight      |       |       |       |       |       |     2 |    10 |     7 |       ||    19
       Stop Flying       |       |       |       |       |       |     1 |     1 |     4 |       ||     6
Evoke: Wand              |       |       |     1 |     5 |    12 |     7 |     3 |     3 |     8 ||    39
       Fan of gales      |       |       |       |       |     1 |       |       |       |       ||     1
       Deck              |       |       |       |       |       |       |     1 |       |       ||     1
       Lamp of fire      |       |       |       |       |       |       |       |       |     2 ||     2
       Sack of spiders   |       |       |       |       |       |       |       |       |     1 ||     1
  Use: Potion            |       |     3 |     3 |     1 |     1 |     2 |     4 |     2 |     5 ||    21
       Scroll            |       |       |    13 |     6 |    10 |     8 |    22 |     9 |     3 ||    71
 Stab: Sleeping          |     6 |     1 |     7 |    17 |    30 |    29 |    18 |    29 |    38 ||   175
       Distracted        |     1 |       |       |     1 |    10 |    10 |    20 |    28 |    13 ||    83
       Invisible         |       |       |     5 |       |       |       |       |       |       ||     5
       Confused          |       |       |       |       |       |       |       |       |     2 ||     2
  Eat: Chunk             |     5 |     9 |    21 |    29 |    46 |    40 |    36 |    32 |    33 ||   251
       Pizza             |       |       |     1 |       |     1 |     2 |     2 |     1 |       ||     7
       Meat ration       |       |       |       |       |     1 |     2 |     1 |     5 |     3 ||    12
       Fruit             |       |       |       |       |       |     3 |     7 |       |     4 ||    14
       Bread ration      |       |       |       |       |       |     2 |     2 |     3 |     3 ||    10
       Royal jelly       |       |       |       |       |       |       |     1 |       |       ||     1
       Beef jerky        |       |       |       |       |       |       |       |     4 |     1 ||     5
